 Dungeon Crawl Stone Soup version 0.28-a0-474-g535839065c (webtiles) character file.

Game seed: 48506688684203069

807 robertstho the Magician (level 8, -1/54 HPs)
             Began as a Djinni Fire Elementalist on Sept 15, 2021.
             Was an Initiate of Gozag.
             Slain by an orc (6 damage)
             ... on level 5 of the Dungeon.
             The game lasted 00:06:12 (6191 turns).

robertstho the Magician (Djinni Fire Elementalist)  Turns: 6191, Time: 00:06:14

Health: -1/54      AC:  2    Str:  7    XL:     8   Next: 14%
Gold:   219        EV: 12    Int: 19    God:    Gozag SH:  0 Dex: 14

rFire   + + .      SeeInvis .   m - +2 dagger (venom)
rCold   x . .      Faith    .   (no shield)
rNeg    . . .      Spirit   .   a - +0 robe
rPois   ∞          Reflect  .   (no helmet)
rElec   .          Harm     .   (no cloak)
rCorr   .          Rampage  .   (no gloves)
Will    .....                   (boots unavailable)
Stlth   ++........              (no amulet)
HPRegen 0.18/turn               j - ring of wizardry
MPRegen 0.00/turn               (no ring)

@: flying
A: sickness immunity, fire resistance 2, cold vulnerability 1, float, innate
caster, hp casting, extra vitality 1
a: Renounce Religion, Potion Petition, Call Merchant, Bribe Branch


You were on level 5 of the Dungeon.
You worshipped Gozag.
Gozag was aware of your devotion.
You visited 2 branches of the dungeon, and saw 6 of its levels.

You collected 254 gold pieces.
You paid 35 gold pieces to Gozag.

Inventory:

Hand Weapons
 h - a +0 dagger
 m - a +2 dagger of venom (weapon)
 o - a +1 dagger of holy wrath
Missiles
 b - a throwing net
Armour
 a - a +0 robe (worn)
Jewellery
 j - a ring of wizardry (left hand)
Wands
 t - a wand of mindburst (13)
 v - a wand of flame (8)
Scrolls
 c - a scroll of enchant armour {unknown}
 d - a scroll of fear {unknown}
 g - a scroll of magic mapping {unknown}
 i - a scroll of teleportation {unknown}
 k - 2 scrolls of fog
 l - a scroll of amnesia {unknown}
 n - a scroll of acquirement {unknown}
 r - a scroll of torment
 s - a scroll of identify
 u - a scroll of holy word {unknown}
Potions
 e - a potion of attraction {unknown}
 p - a potion of brilliance {unknown}
 q - a potion of lignification {unknown}


   Skills:
 * Level 2.2 Fighting
 + Level 0.4 Short Blades
 * Level 2.8 Armour
 + Level 2.4 Dodging
 + Level 2.0 Stealth
 * Level 6.0 Spellcasting


You couldn't memorise any spells.
You knew the following spells:

 Your Spells              Type           Power      Damage    Failure   Level
a - Foxfire               Conj/Fire      100%       2x1d9     1%          1
b - Scorch                Fire           56%        2d8       1%          2
c - Conjure Flame         Conj/Fire      28%        6-21      1%          3
d - Inner Flame           Hex/Fire       28%        N/A       1%          3
e - Flame Wave            Conj/Fire      28%        3d7       3%          4
f - Animate Skeleton      Necr           56%        N/A       1%          1
g - Searing Ray           Conj           56%        2d6       1%          2
h - Dazzling Flash        Conj/Hex       56%        N/A       1%          3
Your spell library was empty.

Dungeon Overview and Level Annotations

Branches:
Dungeon (5/15)             Temple (1/1) D:4

Altars:
Dithmenos
Fedhas
Gozag
Hepliaklqana
Okawaru
Sif Muna
Vehumet
Wu Jian
Yredelemnul
The Shining One

Shops:
D:1 *

Annotations:
D:1 Good shop


Innate Abilities, Weirdness & Mutations

You are immune to sickness and miasma.
You are immune to poison.
Your flesh is very heat resistant. (rF++)
You are vulnerable to cold. (rC-)
You float through the air rather than walking.
You learn spells naturally, not from books.
Your magical power is your life essence.
You have superior vitality. (+4 HP)


Message History

The black bear claws you. The orc hits you with a +0 hand axe.
Unknown command.
You're too confused to cast spells.
Unknown command.
The black bear bites you. The black bear claws you. x2
The orc hits you with a +0 hand axe!
Unknown command.
The orc misses you. The black bear closely misses you. x2
The black bear barely misses you.
You bump into the rock wall.
The orc closely misses you. The black bear bites you!
* * * LOW HITPOINT WARNING * * *
The black bear claws you but does no damage.
The black bear claws you.
* * * LOW HITPOINT WARNING * * *
You are too confused!
Unknown command.
You feel better. The orc closely misses you. The black bear bites you.
* * * LOW HITPOINT WARNING * * *
The black bear claws you.
* * * LOW HITPOINT WARNING * * *
The black bear closely misses you.
You feel better. The black bear bites you.
* * * LOW HITPOINT WARNING * * *
The black bear claws you.
* * * LOW HITPOINT WARNING * * *
The black bear barely misses you.
Okay, then.
The orc hits you with a +0 hand axe.
* * * LOW HITPOINT WARNING * * *
You hear some strange, mumbled words.
Something tries to affect you, but you resist.
Found 8 gold pieces.
As you read the scroll labelled EXTUTU PUN KEANEG, it crumbles to dust.
Your body is wracked with pain!
* * * LOW HITPOINT WARNING * * *
The orc convulses!
Something is bathed in an unholy light!
It was a scroll of torment.
The orc hits you with a +0 hand axe.
You die...
Your body crumbles into a pile of gold.

#.# ...# #.# .####..# #.#
##.#..#..# #.# $..#..#..
#.# ###..#..#.## #.#
....#..#..#
#.#########...#..#..# #
#.........#...#..#o##.#
#########.##@##..h....###
#.##o##.........#
#.##...##.#####.#
#.####.##.# # #......##.#
#########.# #.. #.# ###


You could see an orc.

Vanquished Creatures
  Sigmund (D:3)
  An ogre (D:5)
  An ice beast (D:3)
  A phantom (D:5)
  2 scorpions
  A hound (D:5)
  A scorpion zombie (D:5)
  Natasha (thrice) (D:3)
  3 gnolls (D:3)
  7 adders
  2 worms
  2 dart slugs
  An orc (D:3)
  7 ball pythons
  A bat (D:1)
  10 endoplasms
  2 giant cockroaches
  5 hobgoblins
  4 jackals (D:4)
  7 kobolds
  2 quokkas
  5 frilled lizards
  3 goblins
  4 rats
76 creatures vanquished.

Vanquished Creatures (others)
  An adder (D:4)
  123 foxfires
124 creatures vanquished.

Grand Total: 200 creatures vanquished

Notes
Turn   | Place    | Note
-------+----------+-------------------------------------------
     0 | D:1      | robertstho the Djinni Fire Elementalist began the quest for
                  | the Orb.
     0 | D:1      | Reached XP level 1. HP: 15/15 MP: 0/0
   199 | D:1      | Found Cemanun's Assorted Antiques.
   632 | D:1      | Reached XP level 2. HP: 18/22 MP: 0/0
  1353 | D:1      | Reached skill level 3 in Spellcasting
  1530 | D:2      | Reached XP level 3. HP: 22/26 MP: 0/0
  1530 | D:2      | Learned a level 1 spell: Animate Skeleton
  1571 | D:2      | Found a faded altar of an unknown god.
  2196 | D:2      | Reached skill level 1 in Fighting
  2196 | D:2      | Reached XP level 4. HP: 29/32 MP: 0/0
  3321 | D:3      | Noticed Sigmund
  3333 | D:3      | Killed Sigmund
  3334 | D:3      | Reached skill level 1 in Armour
  3334 | D:3      | Reached skill level 4 in Spellcasting
  3334 | D:3      | Reached XP level 5. HP: 16/37 MP: 0/0
  3334 | D:3      | Learned a level 2 spell: Searing Ray
  3334 | D:3      | Reached XP level 6. HP: 18/42 MP: 0/0
  3342 | D:3      | Noticed an ice beast
  3350 | D:3      | Killed an ice beast
  3655 | D:3      | Noticed Natasha
  3660 | D:3      | Killed Natasha
  3661 | D:3      | Reached XP level 7. HP: 31/48 MP: 0/0
  3661 | D:3      | Learned a level 3 spell: Dazzling Flash
  3663 | D:3      | Reached skill level 5 in Spellcasting
  3920 | D:3      | Noticed Natasha
  3928 | D:3      | Killed Natasha
  4105 | D:3      | Noticed Natasha
  4114 | D:3      | Killed Natasha
  4828 | D:4      | Found a staircase to the Ecumenical Temple.
  5032 | Temple   | Entered the Ecumenical Temple
  5178 | Temple   | Became a worshipper of Gozag Ym Sagoz the Greedy
  5391 | D:5      | Entered Level 5 of the Dungeon
  5985 | D:5      | Reached XP level 8. HP: 50/54 MP: 0/0
  5988 | D:5      | Reached skill level 6 in Spellcasting
  6191 | D:5      | Slain by an orc

Illustrated notes

Levels and vault maps discovered:
D:1:      heliophobic_arrival_ceremonial_halls, layout_basic, serial_shops, shop
D:2:      layout_loops_ring, basic_ecumenical_altar, skrybe_limestone_x,
          minmay_octomino_j4
D:3:      layout_basic, uniq_sigmund, uniq_natasha
D:4:      layout_loops_cross, lemuel_temple_firewalk_b
D:5:      layout_basic, kennysheep_small_square
Temple:   roderic_octagonal_lattice_temple

Skill      XL: |  1  2  3  4  5  6  7  8 |
---------------+-------------------------+-----
Spellcasting   | 3 4 5 6 |  6.0
Fighting       | 1 2 |  2.2
Armour         | 1 2 |  2.8
Stealth        | 2 |  2.0
Short Blades   | |  0.4
Dodging        | |  2.4

Action                   |  1- 3 |  4- 6 |  7- 9 || total
-------------------------+-------+-------+-------++-------
Melee: Unarmed           |     1 |       |       ||     1
       Dagger            |       |     2 |    28 ||    30
 Cast: Foxfire           |    64 |    14 |     2 ||    80
       Scorch            |     8 |    29 |    47 ||    84
       Flame Wave        |       |     2 |     1 ||     3
  Use: Scroll            |       |     3 |     1 ||     4
       Potion            |       |     1 |     2 ||     3
 Stab: Sleeping          |       |       |     2 ||     2
Armor: Robe              |     1 |     1 |    12 ||    14
Dodge: Dodged            |     9 |     8 |    26 ||    43

Table legend: (Time is in decaauts)
 A = Elapsed time spent in this place.
 B = Non-inter-level travel time spent in this place.
 C = Inter-level travel time spent in this place.
 D = Time resting spent in this place.
 E = Time spent auto-exploring this place.
 F = Levels seen in this place.
 G = Mean time per level.
                   A        B        C        D        E       F      G
               +--------+--------+--------+--------+--------+-----+--------+
         Total |   6188 |   5995 |    193 |    270 |   5184 |   6 | 1031.3 |
       Dungeon |   6024 |   5850 |    174 |    270 |   5056 |   5 | 1204.8 |
        Temple |    164 |    146 |     18 |      0 |    128 |   1 |  164.0 |
               +--------+--------+--------+--------+--------+-----+--------+

Top non-repeatable levels by time:
     D:3: 1538 daAuts
     D:1: 1524 daAuts
     D:2: 1153 daAuts
     D:4: 1008 daAuts
     D:5: 799 daAuts
  Temple: 164 daAuts
